 Dungeon Crawl Stone Soup version 0.25.1-2-g60ff931df9 (webtiles) character file.

Game seed: 6729903747000976566

183 lorenzova the Bolt Thrower (level 5, -13/49 HPs)
             Began as a Deep Dwarf Hunter on Sept 23, 2020.
             Mangled by an orc warrior
             ... wielding a +0 trident
              (16 damage)
             ... on level 3 of the Dungeon.
             The game lasted 00:07:36 (1945 turns).

lorenzova the Bolt Thrower (Deep Dwarf Hunter)      Turns: 1945, Time: 00:07:36

Health: -13/49     AC:  8    Str: 17    XL:     5   Next: 35%
Magic:  5/5        EV: 13    Int: 17    God:
Gold:   147        SH:  0    Dex: 13    Spells: 4/4 levels left

rFire    . . .     SeeInvis .   b - +0 short sword
rCold    . . .     Gourm    .   (no shield)
rNeg     . . .     Faith    .   v - +3 leather armour
rPois    .         Spirit   .   m - +2 hat
rElec    .         Reflect  .   (no cloak)
rCorr    .         Harm     .   (no gloves)
MR       .....                  (no boots)
Stlth    +.........             (no amulet)
HPRegen  0.00/turn              g - +6 ring of intelligence
MPRegen  0.09/turn              (no ring)

@: non-regenerating
A: damage resistance, heal wounds, sense surroundings 1, no regeneration
a: Heal Wounds


You were on level 3 of the Dungeon.
You were not hungry.

You visited 1 branch of the dungeon, and saw 3 of its levels.

You collected 147 gold pieces.

Inventory:

Hand Weapons
 a - a +1 hand crossbow
 b - a +0 short sword (weapon)
Missiles
 d - 6 bolts
Armour
 c - a +0 leather armour
 m - a +2 hat (worn)
 v - a +3 leather armour (worn)
Jewellery
 g - a +6 ring of intelligence (left hand)
 q - a cursed amulet of inaccuracy {unknown}
Wands
 x - a wand of polymorph (12)
Scrolls
 e - a scroll of enchant weapon {unknown}
 h - a scroll of blinking {unknown}
 i - a scroll of fear {unknown}
 k - a scroll of identify {unknown}
 l - 2 scrolls of remove curse {unknown}
 p - a scroll of amnesia {unknown}
 r - a scroll of random uselessness {unknown}
 t - a scroll of teleportation {unknown}
 u - 2 scrolls of noise {unknown}
 w - a scroll of enchant armour {unknown}
Potions
 j - 4 potions of haste {unknown}
 n - 3 potions of stabbing {unknown}
 s - a potion of curing {unknown}
Comestibles
 f - 5 rations
 o - 10 chunks of flesh


   Skills:
 * Level 3.5 Fighting
 + Level 5.0 Crossbows
 + Level 2.3 Armour
 + Level 3.3 Dodging
 - Level 1.2 Stealth


You had 4 spell levels left.
You didn't know any spells.
Your spell library was empty.

Dungeon Overview and Level Annotations

Branches:
Dungeon (3/15)

Altars:
Elyvilon
Gozag


Innate Abilities, Weirdness & Mutations

You are resistant to damage.
You can heal yourself by infusing magical energy.
You passively map a small area around you.
You do not regenerate.


Message History

b - a +0 short sword (weapon)
The orc warrior barely misses you. The orc warrior barely misses you.
You hit the orc warrior.
The orc warrior is moderately wounded.
The orc warrior hits you with a +0 trident!
You hit the orc warrior.
The orc warrior is moderately wounded.
The orc warrior hits you with a +0 trident!!
You hit the orc warrior.
The orc warrior is heavily wounded.
The orc warrior hits you with a +0 trident!
* * * LOW HITPOINT WARNING * * *
You closely miss the orc warrior.
The orc warrior is heavily wounded.
The orc warrior barely misses you.
You hit the orc warrior but do no damage.
The orc warrior is heavily wounded.
The orc warrior hits you with a +0 trident!!
You die...

#.[........o.##.....)........##
#.####...###.######)###...####
#.# ##..# #.######†# ##.## #.#
#..# #.o.....)# #.# #.# #..#
########.# *.# #.# #..# #÷# .#*
##.## #..# #o# #...# #.o#
########(####.#** #...# #..#
#..o@...(.....#
#...####..###.######(####.#
#........>....# #(# *,
#.#.###.#.##########.# #.#.#
#.#.# #....... , #.#.# #.#.#
#... ..# * , #.#.# #.#.# #..#
#.# #.#.###.#[# #..# *.#
#.#.##..#<#####..###.#


You could see an orc warrior.

Vanquished Creatures
  An orc wizard (D:3)
  Jessica (D:3)
  5 adders
  2 oozes
  2 worms
  A dart slug (D:3)
  2 leopard geckos (D:2)
  7 orcs
  2 giant cockroaches
  3 goblins
  3 hobgoblins
  7 jackals
  A ball python (D:2)
  5 bats
  5 frilled lizards
  7 kobolds
  8 rats
62 creatures vanquished.

Notes
Turn   | Place    | Note
-------+----------+-------------------------------------------
     0 | D:1      | lorenzova the Deep Dwarf Hunter began the quest for the
                  | Orb.
     0 | D:1      | Reached XP level 1. HP: 19/19 MP: 1/1
   227 | D:1      | Reached XP level 2. HP: 24/26 MP: 2/2
   675 | D:2      | Found an opulent altar of Gozag.
   721 | D:2      | Reached skill level 1 in Armour
   794 | D:2      | Reached XP level 3. HP: 29/33 MP: 3/3
   855 | D:2      | Found a white marble altar of Elyvilon.
   967 | D:2      | Reached XP level 4. HP: 32/40 MP: 4/4
  1495 | D:3      | Noticed an orc warrior
  1690 | D:3      | Noticed Jessica
  1697 | D:3      | Killed Jessica
  1697 | D:3      | Reached skill level 5 in Crossbows
  1697 | D:3      | Reached XP level 5. HP: 45/49 MP: 5/5
  1945 | D:3      | Mangled by an orc warrior

Illustrated notes

Levels and vault maps discovered:
D:1:      dpeg_arrival_rooms_a, layout_basic
D:2:      layout_basic, overflow_temple_1_default, first_ration,
          nicolae_gozag_cash_rules_everything_around_me
D:3:      layout_loops_ring, grunt_temple_overflow_cloverleaf, uniq_jessica

Skill      XL: |  1  2  3  4 |
---------------+-------------+-----
Fighting       | 2 3 |  3.5
Armour         | 1 2 |  2.3
Dodging        | 3 |  3.3
Crossbows      | 5 |  5.0
Stealth        | |  1.2

Action                   |  1- 3 |  4- 6 || total
-------------------------+-------+-------++-------
Melee: Short sword       |    17 |     7 ||    24
 Fire: Hand crossbow     |    66 |    79 ||   145
 Abil: Heal Wounds       |       |     1 ||     1
  Eat: Chunk             |       |     3 ||     3
Armor: Leather armour    |     6 |     2 ||     8
Dodge: Dodged            |    14 |    20 ||    34
